 Dungeon Crawl Stone Soup version 0.28-a0-1143-gcf6077d4cc (webtiles) character file.

Game seed: 6040709381183012852

907 ders the Digger (level 8, 0/41 HPs)
             Began as a Gargoyle Earth Elementalist on Dec 13, 2021.
             Killed from afar by an orc wizard (9 damage)
             ... with a magic dart
             ... on level 6 of the Dungeon.
             The game lasted 00:05:50 (5903 turns).

ders the Digger (Gargoyle Earth Elementalist)       Turns: 5903, Time: 00:05:51

Health: 0/41       AC:  8    Str: 11    XL:     8   Next: 8%
Magic:  0/15       EV: 11    Int: 19    God:
Gold:   220        SH:  0    Dex: 10    Spells: 13/17 levels left

rFire   . . .      SeeInvis .   d - +0 dagger
rCold   . . .      Faith    .   (no shield)
rNeg    + . .      Spirit   .   b - +0 robe
rPois   ∞          Reflect  .   (no helmet)
rElec   +          Harm     .   (no cloak)
rCorr   .          Rampage  .   (no gloves)
Will    .....                   n - +0 pair of boots
Stlth   ++........              (no amulet)
HPRegen 0.13/turn               s - ring of flight
MPRegen 0.14/turn               (no ring)

@: flying, very slightly contaminated
A: sickness immunity, AC +5, negative energy resistance 1, electricity
resistance, torment resistance 1, petrification resistance
a: no special abilities


You were on level 6 of the Dungeon.
You visited 1 branch of the dungeon, and saw 6 of its levels.

You collected 220 gold pieces.

Inventory:

Hand Weapons
 d - a +0 dagger (weapon)
Missiles
 c - 55 stones
Armour
 b - a +0 robe (worn)
 n - a +0 pair of boots (worn)
Jewellery
 s - a ring of flight (left hand)
Wands
 q - a wand of paralysis (7)
 y - a wand of digging (5)
Scrolls
 f - a scroll of teleportation {unknown}
 g - a scroll of fear {unknown}
 i - a scroll of blinking {unknown}
 j - a scroll of fog {unknown}
 l - 3 scrolls of identify {unknown}
 o - a scroll of immolation {unknown}
 t - a scroll of vulnerability {unknown}
 u - 3 scrolls of noise {unknown}
Potions
 a - 2 potions of haste {unknown}
 e - 4 potions of curing {unknown}
 h - 2 potions of attraction {unknown}
 k - a potion of might {unknown}
 m - 3 potions of mutation {unknown}
 p - a potion of degeneration {unknown}
 v - 2 potions of lignification {unknown}
 w - a potion of resistance {unknown}
 x - a potion of magic {unknown}
 z - a potion of brilliance {unknown}


   Skills:
 - Level 1.5 Dodging
 - Level 2.1 Stealth
 + Level 5.0 Spellcasting
 + Level 5.4 Conjurations
 - Level 0.7 Transmutations
 + Level 7.1 Earth Magic


You had 13 spell levels left.
You knew the following spells:

 Your Spells              Type           Power      Damage    Failure   Level
a - Sandblast             Erth           64%        2d14      1%          1
b - Stone Arrow           Conj/Erth      56%        3d10      2%          3

Your spell library contained the following spells:

 Spells                   Type           Power      Damage    Failure   Level
 Passwall                 Tmut/Erth      15%        N/A       3%          2
 Animate Skeleton         Necr           8%         N/A       12%         1
 Pain                     Necr           16%        1d4       12%         1
 Wereblood                Tmut           7%         N/A       14%         2
 Petrify                  Tmut/Erth      19%        N/A       24%         4
 Gell's Gravitas          Tloc           4%         N/A       36%         3
 Teleport Other           Tloc           4%         N/A       36%         3
 Vampiric Draining        Necr           4%         2d6       36%         3
 Olgreb's Toxic Radiance  Pois           4%         N/A       77%         4
 Dispersal                Tloc           2%         N/A       100%        6
 Ozocubu's Refrigeration  Ice            2%         4d5       100%        7
 Summon Hydra             Summ           2%         N/A       100%        7
 Ignition                 Fire           2%         3d3       100%        8
 Sublimation of Blood     Necr           Unusable   N/A       N/A         2

Dungeon Overview and Level Annotations

Branches:
Dungeon (6/15)
 Temple: D:4-7

Altars:
Elyvilon
Gozag
Nemelex Xobeh
Zin

Shops:
D:4 *


Innate Abilities, Weirdness & Mutations

You are immune to sickness and miasma.
Your stone body is resilient. (AC +5)
You are immune to poison.
You resist negative energy. (rN+)
You are resistant to electric shocks. (rElec)
You are resistant to unholy torment.
You are immune to petrification.


Message History

Aiming: Stone Arrow (dangerous; 2% risk of failure)
Press: ? - help, Shift-Dir - straight line, f/p - orc warrior
Aim: an orc warrior, wielding a +0 glaive and wearing a +0 chain mail (68% to hit)
The stone arrow hits the orc warrior!
The orc warrior is moderately wounded.
The orc warrior hits you from afar with a +0 glaive!
Unknown command.
Casting: Stone Arrow (dangerous; 2% risk of failure)
Confirm with . or Enter, or press ? or * to list all spells.
Aiming: Stone Arrow (dangerous; 2% risk of failure)
Press: ? - help, Shift-Dir - straight line, f/p - orc warrior
Aim: an orc warrior, wielding a +0 glaive and wearing a +0 chain mail (moderately wounded, 68% to hit)
The stone arrow hits the orc warrior.
The orc warrior is heavily wounded.
The orc warrior closely misses you.
Unknown command.
Casting: Stone Arrow (dangerous; 2% risk of failure)
Confirm with . or Enter, or press ? or * to list all spells.
Aiming: Stone Arrow (dangerous; 2% risk of failure)
Press: ? - help, Shift-Dir - straight line, f/p - orc warrior
Aim: an orc warrior, wielding a +0 glaive and wearing a +0 chain mail (heavily wounded, 68% to hit)
The stone arrow hits the orc warrior!
The orc warrior is almost dead.
The orc warrior barely misses you.
A magic dart appears from out of thin air!
The magic dart hits you!
Unknown command.
Casting: Stone Arrow (dangerous; 2% risk of failure)
Confirm with . or Enter, or press ? or * to list all spells.
Aiming: Stone Arrow (dangerous; 2% risk of failure)
Press: ? - help, Shift-Dir - straight line, f/p - orc warrior
Aim: an orc warrior, wielding a +0 glaive and wearing a +0 chain mail (almost dead, 68% to hit)
You miscast Stone Arrow.
You are very lightly contaminated with residual magic.
Nothing appears to happen.
The orc warrior hits you from afar with a +0 glaive!
* * * LOW HITPOINT WARNING * * *
A magic dart appears from out of thin air!
The magic dart hits you!
You die...

#.......##...##..
..#..#.........#
#..###....÷_...
#.............. ##
###......8.....
#..####............
#.........._.....#.
#..##............#
##.@..........
#.o#####).... #.o#
.... {.o# .. #...#
...## ..... ..#...
..#..#


You could see an orc warrior and 2 orcs.

Vanquished Creatures
  A water moccasin (D:4)
  A hornet zombie (D:6)
  An ogre (D:5)
  3 wights (D:5)
  A jelly (D:5)
  2 orc priests
  2 iguanas
  Natasha (thrice) (D:2)
  An orc wizard (D:4)
  4 gnolls (D:4)
  9 adders
  An ufetubus (D:5)
  2 worms
  4 dart slugs
  14 orcs
  10 endoplasms
  3 giant cockroaches
  16 goblins
  11 hobgoblins
  6 quokkas
  8 ball pythons
  5 bats
  5 frilled lizards
  7 kobolds
  2 rats (D:2)
122 creatures vanquished.

Vanquished Creatures (others)
  5 plants (D:4)
5 creatures vanquished.

Grand Total: 127 creatures vanquished

Notes
Turn   | Place    | Note
-------+----------+-------------------------------------------
     0 | D:1      | ders the Gargoyle Earth Elementalist began the quest for
                  | the Orb.
     0 | D:1      | Reached XP level 1. HP: 10/10 MP: 3/3
   142 | D:1      | Reached XP level 2. HP: 15/15 MP: 3/5
   193 | D:1      | Reached skill level 1 in Conjurations
   365 | D:1      | Upgraded the game from 0.28-a0-1130-gc51a68064b to
                  | 0.28-a0-1143-gcf6077d4cc
   369 | D:1      | Reached skill level 4 in Earth Magic
   629 | D:1      | Reached XP level 3. HP: 19/19 MP: 4/6
  1311 | D:2      | Reached XP level 4. HP: 23/24 MP: 4/8
  1500 | D:2      | Noticed Natasha
  1506 | D:2      | Killed Natasha
  1741 | D:2      | Noticed Natasha
  1745 | D:2      | Killed Natasha
  1746 | D:2      | Reached XP level 5. HP: 21/28 MP: 5/9
  1879 | D:2      | Noticed Natasha
  1884 | D:2      | Killed Natasha
  1885 | D:2      | Reached skill level 5 in Earth Magic
  2452 | D:3      | Learned a level 3 spell: Stone Arrow
  2478 | D:3      | Found a faded altar of an unknown god.
  2551 | D:3      | Found an opulent altar of Gozag.
  3352 | D:4      | Reached XP level 6. HP: 32/32 MP: 8/11
  3697 | D:4      | Found Zaud's Assorted Antiques.
  3989 | D:4      | Noticed a water moccasin
  3991 | D:4      | Killed a water moccasin
  3992 | D:4      | Reached skill level 6 in Earth Magic
  3992 | D:4      | Reached XP level 7. HP: 36/36 MP: 5/13
  4212 | D:4      | Found a white marble altar of Elyvilon.
  4560 | D:5      | Entered Level 5 of the Dungeon
  5078 | D:5      | Reached skill level 5 in Conjurations
  5657 | D:6      | Found a sparkling altar of Nemelex Xobeh.
  5858 | D:6      | Found a glowing silver altar of Zin.
  5860 | D:6      | Reached skill level 5 in Spellcasting
  5860 | D:6      | Reached skill level 7 in Earth Magic
  5860 | D:6      | Reached XP level 8. HP: 41/41 MP: 11/15
  5903 | D:6      | Killed from afar by an orc wizard

Illustrated notes

Levels and vault maps discovered:
D:1:      sevenhm_arrival_forest_fort_small_3, layout_loops_ring,
          minmay_close_crescents
D:2:      layout_loops_ring, serial_park_tiny_pond, minmay_fractal_squares_5,
          uniq_natasha
D:3:      layout_basic, grunt_gozag_breadcrumbs,
          hellmonk_ecumenical_altar_crossroads
D:4:      layout_loops_ring, nicolae_elyvilon_temple_path, serial_shops,
          nicolae_shop_crystal
D:5:      layout_loops_ring, minmay_ogre_servants
D:6:      layout_cave_pools, grunt_temple_overflow_open,
          minmay_temple_entry_crystal_x, biasface_ghost_orc_armoury,
          uniq_edmund, uniq_menkaure

Skill      XL: |  1  2  3  4  5  6  7 |
---------------+----------------------+-----
Conjurations   | 1 2 3 4 5 |  5.4
Earth Magic    | 4 5 6 7 |  7.1
Spellcasting   | 3 4 5 |  5.0
Dodging        | |  1.5
Stealth        | |  2.1
Transmutations | |  0.7

Action                   |  1- 3 |  4- 6 |  7- 9 || total
-------------------------+-------+-------+-------++-------
Melee: Dagger            |     9 |    22 |    11 ||    42
 Cast: Sandblast         |    51 |    77 |    17 ||   145
       Stone Arrow       |       |    11 |    29 ||    40
Evoke: Wand              |       |     1 |       ||     1
  Use: Potion            |       |       |     1 ||     1
Armor: Robe              |     9 |    15 |    17 ||    41
Dodge: Dodged            |    11 |    19 |    21 ||    51

Table legend: (Time is in decaauts)
 A = Elapsed time spent in this place.
 B = Non-inter-level travel time spent in this place.
 C = Inter-level travel time spent in this place.
 D = Time resting spent in this place.
 E = Time spent auto-exploring this place.
 F = Levels seen in this place.
 G = Mean time per level.
                   A        B        C        D        E       F      G
               +--------+--------+--------+--------+--------+-----+--------+
         Total |   5905 |   5729 |    176 |    942 |   4151 |   6 |  984.2 |
       Dungeon |   5905 |   5729 |    176 |    942 |   4151 |   6 |  984.2 |
               +--------+--------+--------+--------+--------+-----+--------+

Top non-repeatable levels by time:
     D:4: 1547 daAuts
     D:1: 1295 daAuts
     D:5: 1109 daAuts
     D:3: 986 daAuts
     D:2: 907 daAuts
     D:6: 60 daAuts
